MLB
COLORADO ROCKIES @ SAN DIEGO PADRES
05/01/2044
 
TOP OF THE 1ST
Colorado Rockies batting - Pitching for San Diego Padres : RHP Toby Williams
Pitching: RHP Toby Williams
Batting: RHB Joel Haycock 0-0: Ground out 6-3 (Groundball, 6, EV 89.4 MPH)
Batting: RHB Roberto Rodriguez 0-0: Ground out 1-3 (Groundball, 25, EV 71.9 MPH)
Batting: LHB Fabiano Perrolas 0-0: Ball
1-0: Ball
2-0: Called Strike
2-1: Ball
3-1: Fly out, F8 (Flyball, 8RS, EV 89.4 MPH)
Top of the 1st over - 0 runs, 0 hits, 0 errors, 0 left on base; Colorado 0 - San Diego 0
BOTTOM OF THE 1ST
San Diego Padres batting - Pitching for Colorado Rockies : LHP Cooper Bate
Pitching: LHP Cooper Bate
Batting: LHB Per Meulengracht 0-0: SINGLE (Line Drive, 4M, EV 103.8 MPH)
Batting: RHB Bobby Ayala 0-0: Ball
1-0: Ball
2-0: Foul Ball, location: 2F
2-1: Foul Ball, location: 2F
2-2: Ball
Per Meulengracht steals 2nd base
3-2: Ground out 6-3 (Groundball, 6, EV 84.4 MPH)
Per Meulengracht to third
Batting: RHB Cesar Breceda 0-0: Ball
1-0: Fly out, F8 (Flyball, 89XD, EV 106.9 MPH)
Runner from 3rd tags up, SCORES, no throw by CF
Batting: SHB Jerry Luckwell 0-0: Called Strike
0-1: SINGLE (Groundball, 6MD, EV 101.2 MPH)
Batting: LHB Mike Holt 0-0: Fly out, F5 (Popup, 25F, EV 90.0 MPH)
Bottom of the 1st over - 1 run, 2 hits, 0 errors, 1 left on base; Colorado 0 - San Diego 1
TOP OF THE 2ND
Colorado Rockies batting - Pitching for San Diego Padres : RHP Toby Williams
Batting: RHB Jason Andrews 0-0: Swinging Strike
0-1: Swinging Strike
0-2: Ball
1-2: Foul Ball, location: 2F
1-2: Ball
2-2: Fly out, F9 (Flyball, 9S, EV 87.5 MPH)
Batting: SHB Chris Blue 0-0: SINGLE (Line Drive, 78S, EV 100.0 MPH)
Batting: RHB Rico Coss 0-0: Ball
1-0: Fly out, F4 (Flyball, 3D, EV 80.6 MPH)
Batting: LHB Robert Watson 0-0: Called Strike
Chris Blue steals 2nd base
0-1: Swinging Strike
0-2: Ball
1-2: Strikes out swinging
Top of the 2nd over - 0 runs, 1 hit, 0 errors, 1 left on base; Colorado 0 - San Diego 1
BOTTOM OF THE 2ND
San Diego Padres batting - Pitching for Colorado Rockies : LHP Cooper Bate
Batting: RHB Chiel Palstermans 0-0: Ball
1-0: Swinging Strike
1-1: Fly out, F6 (Popup, 4MD, EV 46.9 MPH)
Batting: RHB Alberto Cotto 0-0: Foul Ball, location: 2F
0-1: Ground out U3 (Groundball, 34S, EV 82.5 MPH)
Batting: RHB Carlos Reyes 0-0: Ball
1-0: Ground out 5-3 (Groundball, 56S, EV 83.8 MPH)
Bottom of the 2nd over - 0 runs, 0 hits, 0 errors, 0 left on base; Colorado 0 - San Diego 1
TOP OF THE 3RD
Colorado Rockies batting - Pitching for San Diego Padres : RHP Toby Williams
Batting: RHB Leo Mair 0-0: Called Strike
0-1: Swinging Strike
0-2: Strikes out swinging
Batting: RHB Stephen Charbonneau 0-0: Foul Ball, location: 2F
0-1: Ground out 5-3 (Groundball, 5S, EV 91.9 MPH)
Batting: RHB Joel Haycock 0-0: Called Strike
0-1: Foul Ball, location: 2F
0-2: Foul Ball, location: 2F
0-2: Strikes out swinging
Top of the 3rd over - 0 runs, 0 hits, 0 errors, 0 left on base; Colorado 0 - San Diego 1
BOTTOM OF THE 3RD
San Diego Padres batting - Pitching for Colorado Rockies : LHP Cooper Bate
Batting: RHB Alois Wollf 0-0: Ball
1-0: Ground out 6-3 (Groundball, 6, EV 97.5 MPH)
Batting: LHB Per Meulengracht 0-0: Foul Ball, location: 2F
0-1: Ball
1-1: Ball
2-1: Fly out, F8 (Line Drive, 8LM, EV 103.1 MPH)
Batting: RHB Bobby Ayala 0-0: Ground out 6-3 (Groundball, 6, EV 80.0 MPH)
Bottom of the 3rd over - 0 runs, 0 hits, 0 errors, 0 left on base; Colorado 0 - San Diego 1
TOP OF THE 4TH
Colorado Rockies batting - Pitching for San Diego Padres : RHP Toby Williams
Batting: RHB Roberto Rodriguez 0-0: Foul Ball, location: 2F
0-1: Ground out 6-3 (Groundball, 6, EV 84.4 MPH)
Batting: LHB Fabiano Perrolas 0-0: Fly out, F7 (Flyball, 7, EV 79.4 MPH)
Batting: RHB Jason Andrews 0-0: Fly out, F7 (Flyball, 78M, EV 76.2 MPH)
Top of the 4th over - 0 runs, 0 hits, 0 errors, 0 left on base; Colorado 0 - San Diego 1
BOTTOM OF THE 4TH
San Diego Padres batting - Pitching for Colorado Rockies : LHP Cooper Bate
Batting: RHB Cesar Breceda 0-0: Swinging Strike
0-1: SOLO HOME RUN (Line Drive, 8LXD, EV 103.1 MPH), Distance : 409 ft
Batting: SHB Jerry Luckwell 0-0: Ball
1-0: Ball
2-0: Called Strike
2-1: Called Strike
2-2: Fly out, F8 (Flyball, 8RD, EV 103.1 MPH)
Batting: LHB Mike Holt 0-0: Ball
1-0: Ball
2-0: Foul Ball, location: 2F
2-1: Fly out, F9 (Flyball, 89M, EV 92.5 MPH)
Batting: RHB Chiel Palstermans 0-0: Ball
1-0: Ball
2-0: Ball
3-0: Fly out, F9 (Line Drive, 9S, EV 96.2 MPH)
Bottom of the 4th over - 1 run, 1 hit, 0 errors, 0 left on base; Colorado 0 - San Diego 2
TOP OF THE 5TH
Colorado Rockies batting - Pitching for San Diego Padres : RHP Toby Williams
Batting: SHB Chris Blue 0-0: Ball
1-0: Called Strike
1-1: Swinging Strike
1-2: Ball
2-2: Foul Ball, location: 2F
2-2: Foul Ball, location: 2F
2-2: Foul Ball, location: 2F
2-2: Ground out 1-3 (Groundball, 13, EV 72.5 MPH)
Batting: RHB Rico Coss 0-0: Ball
1-0: Swinging Strike
1-1: Ground out 4-3 (Groundball, 4, EV 106.2 MPH)
Batting: LHB Robert Watson 0-0: Ball
1-0: DOUBLE (Line Drive, 78D, EV 99.4 MPH)
Batting: RHB Leo Mair 0-0: Ball
1-0: Called Strike
1-1: Called Strike
1-2: Foul Ball, location: 2F
1-2: Foul Ball, location: 2F
1-2: Ball
2-2: Foul Ball, location: 2F
2-2: Ground out 4-3 (Groundball, 4, EV 98.8 MPH)
Top of the 5th over - 0 runs, 1 hit, 0 errors, 1 left on base; Colorado 0 - San Diego 2
BOTTOM OF THE 5TH
San Diego Padres batting - Pitching for Colorado Rockies : LHP Cooper Bate
Batting: RHB Alberto Cotto 0-0: Called Strike
0-1: Fly out, F9 (Flyball, 89M, EV 88.1 MPH)
Batting: RHB Carlos Reyes 0-0: Ball
1-0: SINGLE (Groundball, P, EV 88.8 MPH) (infield hit)
Batting: RHB Alois Wollf 0-0: Called Strike
0-1: Ball
1-1: SINGLE (Line Drive, 9S, EV 103.1 MPH)
Carlos Reyes to second
Batting: LHB Per Meulengracht 0-0: Called Strike
0-1: Foul Ball, location: 2F
0-2: Grounds into double play, 4-6-3 (Groundball, 4M, EV 98.1 MPH)
Bottom of the 5th over - 0 runs, 2 hits, 0 errors, 1 left on base; Colorado 0 - San Diego 2
TOP OF THE 6TH
Colorado Rockies batting - Pitching for San Diego Padres : RHP Toby Williams
Batting: RHB Stephen Charbonneau 0-0: Ball
1-0: Swinging Strike
1-1: Swinging Strike
1-2: Strikes out swinging
Batting: RHB Joel Haycock 0-0: Called Strike
0-1: Ball
1-1: Foul Ball, location: 2F
1-2: Foul Ball, location: 2F
1-2: Ball
2-2: Strikes out swinging
Batting: RHB Roberto Rodriguez 0-0: Foul Ball, location: 2F
0-1: Called Strike
0-2: Ball
1-2: Strikes out looking
Top of the 6th over - 0 runs, 0 hits, 0 errors, 0 left on base; Colorado 0 - San Diego 2
BOTTOM OF THE 6TH
San Diego Padres batting - Pitching for Colorado Rockies : LHP Cooper Bate
Batting: RHB Bobby Ayala 0-0: Ball
1-0: Swinging Strike
1-1: Ball
2-1: Fly out, F3 (Line Drive, 3, EV 70.0 MPH)
Batting: RHB Cesar Breceda 0-0: Ball
1-0: Called Strike
1-1: Fly out, F3 (Popup, 3SF, EV 75.0 MPH)
Batting: SHB Jerry Luckwell 0-0: Called Strike
0-1: Ball
1-1: Called Strike
1-2: Ball
2-2: Fly out, F7 (Flyball, 78XD, EV 97.5 MPH)
Bottom of the 6th over - 0 runs, 0 hits, 0 errors, 0 left on base; Colorado 0 - San Diego 2
TOP OF THE 7TH
Colorado Rockies batting - Pitching for San Diego Padres : RHP Toby Williams
Batting: LHB Fabiano Perrolas 0-0: Foul Ball, location: 2F
0-1: Ground out 5-3 (Groundball, 56S, EV 93.8 MPH)
Batting: RHB Jason Andrews 0-0: Ball
1-0: Foul Ball, location: 2F
1-1: Called Strike
1-2: Ball
2-2: SOLO HOME RUN (Line Drive, 8RXD, EV 116.9 MPH), Distance : 457 ft
Pitching: RHP Raul Almonte
Batting: SHB Chris Blue 0-0: Ball
1-0: Ball
2-0: Swinging Strike
2-1: SINGLE (Groundball, 34S, EV 64.4 MPH) (infield hit)
Batting: RHB Rico Coss 0-0: Ball
1-0: Ball
Chris Blue steals 2nd base (no throw)
2-0: Called Strike
2-1: Fly out, F8 (Flyball, 8RS, EV 81.2 MPH)
Batting: LHB Robert Watson 0-0: Called Strike
0-1: Swinging Strike
0-2: Strikes out swinging
Top of the 7th over - 1 run, 2 hits, 0 errors, 1 left on base; Colorado 1 - San Diego 2
BOTTOM OF THE 7TH
San Diego Padres batting - Pitching for Colorado Rockies : LHP Cooper Bate
Batting: LHB Mike Holt 0-0: Ball
1-0: Foul Ball, location: 2F
1-1: Fly out, F7 (Flyball, 7, EV 86.2 MPH)
Batting: RHB Chiel Palstermans 0-0: Swinging Strike
0-1: Ball
1-1: Ground out 4-3 (Groundball, 4, EV 100.6 MPH)
Batting: RHB Alberto Cotto 0-0: Foul Ball, location: 2F
0-1: Ball
1-1: Foul Ball, location: 2F
1-2: Strikes out swinging
Bottom of the 7th over - 0 runs, 0 hits, 0 errors, 0 left on base; Colorado 1 - San Diego 2
TOP OF THE 8TH
Colorado Rockies batting - Pitching for San Diego Padres : RHP Raul Almonte
Pitching: RHP Jack Overbeek
Batting: RHB Leo Mair 0-0: Foul Ball, location: 2F
0-1: Ball
1-1: Called Strike
1-2: Strikes out swinging, 2-3 out at first.
Pitching: LHP Tommy Hall
Batting: RHB Stephen Charbonneau 0-0: Ball
1-0: Ball
2-0: Called Strike
2-1: Called Strike
2-2: Foul Ball, location: 2F
2-2: Ball
3-2: Strikes out swinging
Batting: RHB Joel Haycock 0-0: Ball
1-0: SINGLE (Flyball, 78S, EV 82.5 MPH)
Pinch Runner at 1st Sterling Acosta:
Batting: RHB Roberto Rodriguez 0-0: Ball
1-0: Swinging Strike
1-1: Ground out 5-3 (Groundball, 5S, EV 83.8 MPH)
Top of the 8th over - 0 runs, 1 hit, 0 errors, 1 left on base; Colorado 1 - San Diego 2
BOTTOM OF THE 8TH
San Diego Padres batting - Pitching for Colorado Rockies : LHP Cooper Bate
Now at 1B: Jose Robles
Batting: RHB Carlos Reyes 0-0: Ball
1-0: Called Strike
1-1: Ball
2-1: Ball
3-1: SINGLE (Line Drive, 6MD, EV 95.0 MPH)
Batting: RHB Alois Wollf 0-0: Ball
1-0: Called Strike
1-1: Foul Ball, location: 2F
1-2: Fly out, F8 (Flyball, 89D, EV 100.6 MPH)
Batting: LHB Per Meulengracht 0-0: Fly out, F6 (Flyball, 5D, EV 91.9 MPH)
Batting: RHB Bobby Ayala 0-0: Ball
1-0: Called Strike
1-1: Foul Ball, location: 2F
1-2: Fly out, F4 (Popup, 34D, EV 48.8 MPH)
Bottom of the 8th over - 0 runs, 1 hit, 0 errors, 1 left on base; Colorado 1 - San Diego 2
TOP OF THE 9TH
Colorado Rockies batting - Pitching for San Diego Padres : LHP Tommy Hall
Pinch Hitting: RHB Chad Thompson 0-0: Called Strike
0-1: Ground out 6-3 (Groundball, 6S, EV 88.1 MPH)
Batting: RHB Jason Andrews 0-0: Ball
1-0: Foul Ball, location: 2F
1-1: Ball
2-1: Foul Ball, location: 2F
2-2: Foul Ball, location: 2F
2-2: Ball
3-2: Foul Ball, location: 2F
3-2: Foul Ball, location: 2F
3-2: Ground out 1-3 (Groundball, 15S, EV 70.0 MPH)
Batting: SHB Chris Blue 0-0: Called Strike
0-1: Foul Ball, location: 2F
0-2: Foul Ball, location: 2F
0-2: Ball
1-2: Strikes out looking
Top of the 9th over - 0 runs, 0 hits, 0 errors, 0 left on base; Colorado 1 - San Diego 2
Thursday, March 31st , 2022 - OOTP Baseball 22.12 Build 89